[Event "December 19 Late 2023"]
[Site "https://www.chess.com"]
[Date "2023.12.19"]
[Round "6"]
[White "Melkumyan, Hrant"]
[Black "Pulpan, Jakub"]
[Result "0-1"]
[Board "21"]
[TimeControl "180+1"]
[WhiteFideId "13302485"]
[BlackFideId "302759"]
[WhiteElo "2604"]
[BlackElo "2501"]
[WhiteTeam "ARM"]
[BlackTeam "CZE"]
[WhiteClock "0:00:00"]
[BlackClock "0:00:38"]

1. Nf3 d5 2. d4 Nf6 3. Bf4 c5 4. e3 Nc6 5. Nbd2 e6 6. c3 Be7 7. h3 Bd6 8. Bxd6 Qxd6 9. Bd3 O-O 10. Qe2 e5 11. dxc5 Qxc5 12. e4 dxe4 13. Nxe4 Nxe4 14. Qxe4 g6 15. Qc4 Qb6 16. O-O-O Qxf2 17. Be4 Be6 18. Qa4 Qxg2 19. Kb1 Bf5 20. Bxf5 Qxf3 21. Be4 Qf6 22. h4 Rad8 23. h5 Rxd1+ 24. Qxd1 Rd8 25. Qb3 gxh5 26. a3 Ne7 27. Rxh5 Ng6 28. Qxb7 Qf1+ 29. Ka2 Qc4+ 30. Kb1 Rd1+ 31. Kc2 Qe2+ 32. Kb3 Qxh5 33. Qxa7 Rd8 34. a4 Qd1+ 35. Ka2 Qd7 36. Qa6 f5 37. Bc2 Kg7 38. a5 e4 39. Qb6 e3 40. Qxe3 Qd5+ 41. Kb1 Qxa5 42. b4 Qe5 43. Qb6 Rd2 44. Qb7+ Qe7 0-1

[Event "December 19 Late 2023"]
[Site "https://www.chess.com"]
[Date "2023.12.19"]
[Round "6"]
[White "Colbow, Collin"]
[Black "Popov, Konstantin"]
[Result "1/2-1/2"]
[Board "22"]
[TimeControl "180+1"]
[WhiteFideId "16201132"]
[BlackFideId "34137910"]
[WhiteElo "2321"]
[BlackElo "2340"]
[WhiteTeam "GER"]
[BlackTeam "FID"]
[WhiteClock "0:00:05"]
[BlackClock "0:00:03"]

1. e4 c5 2. Nf3 d6 3. d4 c4 4. Bxc4 Nf6 5. Qe2 e6 6. e5 dxe5 7. dxe5 Nd5 8. O-O Nc6 9. Rd1 Qc7 10. Bxd5 exd5 11. Nc3 d4 12. Nxd4 Nxd4 13. Rxd4 Bc5 14. Nb5 Qe7 15. Nd6+ Bxd6 16. Rxd6 O-O 17. Bf4 Be6 18. b3 a6 19. c4 h6 20. h3 Rfc8 21. Rad1 b5 22. Qf3 bxc4 23. bxc4 Bxc4 24. Rd7 Qe8 25. Qg3 Kh7 26. h4 Be6 27. a3 Bxd7 28. Qd3+ Kg8 29. Qxd7 Qxd7 30. Rxd7 Rc3 31. e6 f6 32. Bd6 Re8 33. e7 a5 34. Ra7 Rc6 35. Rd7 Kf7 36. Bc7 a4 37. Bd8 Rc3 38. h5 Rxa3 39. Ra7 Ra1+ 40. Kh2 a3 41. f3 Ke6 42. Ra6+ Kd5 43. Ra7 Kc6 44. Kg3 Kd5 45. Ra5+ Ke6 46. Ra8 Rh1 47. Ra6+ Kf7 48. Rxa3 Rxh5 49. Ra7 Rd5 50. Kf2 Kg6 51. Kg3 h5 52. Kf2 h4 53. Ra4 Kh5 54. Ra2 g5 55. Rb2 Kg6 56. Ra2 Rd7 57. Rb2 Rexe7 58. Bxe7 Rxe7 59. Ra2 Re5 60. Rb2 Rc5 61. Ra2 Kf5 62. Rb2 Ke5 63. Ra2 Kd4 64. Rd2+ Ke5 65. Ra2 Rc4 66. Rb2 f5 67. Ra2 Kf4 68. Rb2 g4 69. fxg4 fxg4 70. g3+ hxg3+ 71. Kg2 Rd4 72. Rb1 Rd2+ 73. Kg1 Rf2 74. Rb3 Rf3 75. Rb1 Rd3 76. Rc1 Rd2 77. Rb1 Kf3 78. Rb3+ Kf4 79. Rb1 1/2-1/2

[Event "December 19 Late 2023"]
[Site "https://www.chess.com"]
[Date "2023.12.19"]
[Round "6"]
[White "Sabuk, Piotr"]
[Black "Szpar, Milosz"]
[Result "0-1"]
[Board "23"]
[TimeControl "180+1"]
[WhiteFideId "1137565"]
[BlackFideId "1184989"]
[WhiteElo "2276"]
[BlackElo "2446"]
[WhiteTeam "POL"]
[BlackTeam "POL"]
[WhiteClock "0:00:07"]
[BlackClock "0:00:10"]

1. d4 d5 2. c4 c6 3. Nf3 Nf6 4. Nc3 dxc4 5. a4 Bf5 6. Ne5 Nbd7 7. Nxc4 Nb6 8. Ne5 a5 9. h4 Nfd7 10. e4 Nxe5 11. exf5 Ned7 12. g4 g6 13. fxg6 hxg6 14. Bg2 Qc7 15. Qb3 Bg7 16. Be3 e6 17. Rc1 Rd8 18. d5 exd5 19. Nxd5 Nxd5 20. Bxd5 Ne5 21. Ke2 Qc8 22. Bf3 Nxg4 23. Bb6 O-O 24. Bxd8 Rxd8 25. Kf1 Qf5 26. Rd1 Re8 27. Kg2 Ne5 28. Rhe1 Bf6 29. Be4 Qg4+ 30. Qg3 Qxh4 31. Qxh4 Bxh4 32. Re2 Kf8 33. Bc2 f6 34. f4 Nc4 35. Rxe8+ Kxe8 36. Kf3 Nxb2 37. Rb1 Nc4 38. Rxb7 g5 39. f5 Ne5+ 40. Ke4 g4 41. Bd1 g3 42. Bh5+ Kf8 43. Bf3 Bg5 44. Ra7 Bd2 45. Rc7 Ke8 46. Rb7 Kd8 47. Rb2 Bb4 48. Rc2 Kc7 49. Bg2 Kd6 50. Kf4 Be1 51. Re2 Bf2 52. Rd2+ Kc7 53. Rc2 Nd3+ 54. Kg4 Ne1 55. Rxf2 gxf2 56. Bf1 Nc2 57. Kg3 Ne3 58. Kxf2 Nxf1 59. Kxf1 Kd6 60. Ke2 Ke5 61. Kd3 Kxf5 62. Kc4 Ke5 63. Kc5 f5 64. Kxc6 f4 65. Kb5 f3 66. Kxa5 f2 67. Kb6 f1=Q 68. a5 Qf3 69. a6 Qa8 70. a7 Kd6 0-1

[Event "December 19 Late 2023"]
[Site "https://www.chess.com"]
[Date "2023.12.19"]
[Round "6"]
[White "Mahdavi, Reza"]
[Black "Korchynskyi, Mykola"]
[Result "1-0"]
[Board "24"]
[TimeControl "180+1"]
[WhiteFideId "12595926"]
[BlackFideId "34138005"]
[WhiteElo "2426"]
[BlackElo "2007"]
[WhiteTeam "IRI"]
[BlackTeam "UKR"]
[WhiteClock "0:00:49"]
[BlackClock "0:00:40"]

1. e4 e6 2. d4 d5 3. Nd2 c5 4. Ngf3 cxd4 5. Nxd4 Nc6 6. Bb5 Bd7 7. Nxc6 Bxc6 8. Bxc6+ bxc6 9. O-O Nf6 10. Qe2 Be7 11. b3 O-O 12. Bb2 Rc8 13. c4 dxe4 14. Nxe4 Nxe4 15. Qxe4 Bf6 16. Rad1 Qe7 17. Bxf6 Qxf6 18. Rd7 a5 19. Ra7 Qc3 20. h3 Qd2 21. Qf3 Qxa2 22. Rd1 Rb8 23. Rd3 c5 24. Kh2 Qa1 25. g3 Qb2 26. Rxa5 Qe5 27. Ra7 h6 28. Rdd7 Qf6 29. Qxf6 gxf6 30. Rab7 Rxb7 31. Rxb7 Rd8 32. Rb5 Rd3 33. Kg2 Kf8 34. Kf1 Ke7 35. Ke2 Rc3 36. Rxc5 Rxb3 37. Rh5 Rc3 38. Rxh6 Rxc4 39. Rh8 f5 40. Kf3 Kf6 41. Rg8 Rc3+ 42. Kg2 Rc4 43. h4 Rg4 44. Rxg4 fxg4 45. Kf1 Ke5 46. Ke2 f5 47. Ke3 Kf6 48. Kd4 e5+ 49. Kd5 e4 50. Kd4 Ke6 51. Ke3 Ke5 52. h5 Ke6 53. Kf4 Kf6 54. h6 Kg6 55. h7 Kxh7 56. Kxf5 Kh6 57. Kxg4 e3 58. fxe3 Kg6 59. e4 Kf6 60. Kh5 Ke6 61. g4 Ke5 62. g5 Kd4 63. g6 Kc3 64. g7 Kb2 65. g8=Q Ka1 66. Qb8 Ka2 67. Qb4 Ka1 68. Kg4 Ka2 69. Kf3 Ka1 70. Ke2 Ka2 71. Kd2 Ka1 72. Kc2 Ka2 73. Qa4# 1-0

[Event "December 19 Late 2023"]
[Site "https://www.chess.com"]
[Date "2023.12.19"]
[Round "6"]
[White "Beerdsen, Thomas"]
[Black "Crasyhealer"]
[Result "1-0"]
[Board "25"]
[TimeControl "180+1"]
[WhiteFideId "1030108"]
[WhiteElo "2550"]
[BlackElo "2489"]
[WhiteTeam "NED"]
[WhiteClock "0:02:29"]
[BlackClock "0:01:25"]

1. e4 e5 2. Nc3 Nf6 3. f4 d5 4. fxe5 Nxe4 5. Nf3 Nc6 6. Bb5 Nxc3 7. bxc3 Be7 8. O-O O-O 9. d4 Bf5 10. Kh1 Na5 11. Bd3 Be4 12. Qe2 Bxd3 13. Qxd3 c5 14. Bf4 Nc4 15. Rae1 Rc8 16. Qf5 Rc6 17. Ng5 Rg6 18. h4 h6 19. Nxf7 Ra6 20. e6 Qe8 21. Bxh6 Nd6 22. Qg6 Nxf7 23. Qxg7# 1-0

[Event "December 19 Late 2023"]
[Site "https://www.chess.com"]
[Date "2023.12.19"]
[Round "6"]
[White "Kazmaier, Daniel"]
[Black "Durarbayli, Vasif"]
[Result "0-1"]
[Board "26"]
[TimeControl "180+1"]
[WhiteFideId "2606089"]
[BlackFideId "13402935"]
[WhiteElo "2484"]
[BlackElo "2551"]
[WhiteTeam "CAN"]
[BlackTeam "AZE"]
[WhiteClock "0:00:00"]
[BlackClock "0:00:37"]

1. b3 e5 2. Bb2 Nc6 3. e3 d5 4. Nf3 Bd6 5. d4 e4 6. Nfd2 Nce7 7. c4 c6 8. Nc3 Nf6 9. Be2 a6 10. Qc2 h5 11. h3 h4 12. O-O-O b5 13. Kb1 Bf5 14. Rc1 O-O 15. Ka1 Qd7 16. Qd1 Rfb8 17. c5 Bc7 18. f3 a5 19. fxe4 dxe4 20. Qc2 Qe6 21. Rhf1 a4 22. bxa4 b4 23. Ncb1 Nfd5 24. Bc4 Qg6 25. Bxd5 cxd5 26. Rf2 Bd7 27. Nb3 Rxa4 28. Rcf1 Qa6 29. Bc1 Be6 30. Bd2 Nc6 31. Be1 Ra8 32. Nc1 Na5 33. Nd2 Ra3 34. Ndb3 Nc4 0-1

[Event "December 19 Late 2023"]
[Site "https://www.chess.com"]
[Date "2023.12.19"]
[Round "6"]
[White "Delorme, Axel"]
[Black "Salinas Herrera, Pablo"]
[Result "1-0"]
[Board "27"]
[TimeControl "180+1"]
[WhiteFideId "632023"]
[BlackFideId "3407128"]
[WhiteElo "2478"]
[BlackElo "2538"]
[WhiteTeam "FRA"]
[BlackTeam "CHI"]
[WhiteClock "0:00:03"]
[BlackClock "0:00:00"]

1. e4 d6 2. d4 g6 3. Bc4 Bg7 4. Nf3 e6 5. Nc3 Ne7 6. Be3 a6 7. a4 b6 8. Qd2 h6 9. h4 Bb7 10. O-O Nd7 11. Rad1 Nf6 12. e5 Ng4 13. exd6 cxd6 14. d5 e5 15. Nh2 Nxh2 16. Kxh2 Nf5 17. g3 Nxh4 18. gxh4 Qxh4+ 19. Kg2 Qg4+ 20. Kh2 Qxc4 21. Bxb6 Rc8 22. Rde1 O-O 23. Re4 Qxf1 24. Re1 Qc4 25. Re4 f5 26. Rxc4 Rxc4 27. f3 Rfc8 28. Be3 Kh7 29. Kg2 e4 30. f4 Bxc3 31. bxc3 Rxc3 32. Qd4 Rxc2+ 33. Kg3 R8c3 34. Kh4 Rc7 35. Qf6 Rd7 36. Bd4 Rc8 37. Qe6 Rcd8 38. Bf6 Bxd5 39. Qxd5 Rf8 40. Qe6 Rdf7 41. Be7 g5+ 42. Kh5 1-0

[Event "December 19 Late 2023"]
[Site "https://www.chess.com"]
[Date "2023.12.19"]
[Round "6"]
[White "Srinath, Rao S.V."]
[Black "Deac, Bogdan-Daniel"]
[Result "0-1"]
[Board "28"]
[TimeControl "180+1"]
[WhiteFideId "5028876"]
[BlackFideId "1226380"]
[WhiteElo "2198"]
[BlackElo "2641"]
[WhiteTeam "IND"]
[BlackTeam "ROU"]
[WhiteClock "0:00:00"]
[BlackClock "0:00:55"]

1. e4 c6 2. d4 d5 3. f3 Qb6 4. Nc3 dxe4 5. fxe4 e5 6. dxe5 Be6 7. Nf3 Nd7 8. Bd3 Ne7 9. Qe2 Ng6 10. a4 a5 11. Be3 Qxb2 12. Kd2 Bb4 13. Bd4 c5 14. Rhb1 cxd4 15. Rxb2 dxc3+ 16. Kc1 cxb2+ 17. Kxb2 Rc8 18. Rf1 O-O 19. Ng5 Nc5 20. Qh5 h6 21. Nxe6 Nxe6 22. Bb5 Bc3+ 23. Kb1 Nxe5 24. g4 Rc5 25. Qh3 Nd4 26. Bd3 b5 27. g5 hxg5 28. Qg3 bxa4 29. h4 Rb8+ 30. Kc1 Nxd3+ 31. Qxd3 a3 32. Qg3 Ne2+ 0-1

[Event "December 19 Late 2023"]
[Site "https://www.chess.com"]
[Date "2023.12.19"]
[Round "6"]
[White "Antunez Soler, Luis"]
[Black "Ibarra Jerez, Jose Carlos"]
[Result "0-1"]
[Board "29"]
[TimeControl "180+1"]
[WhiteFideId "3513335"]
[BlackFideId "2226332"]
[WhiteElo "2154"]
[BlackElo "2634"]
[WhiteTeam "CUB"]
[BlackTeam "ESP"]
[WhiteClock "0:00:09"]
[BlackClock "0:01:20"]

1. e4 c5 2. Nf3 e6 3. d4 cxd4 4. Nxd4 Bc5 5. Nb3 Bb6 6. Nc3 Ne7 7. Bd3 O-O 8. O-O f5 9. Qh5 f4 10. e5 Ng6 11. Bxg6 hxg6 12. Qxg6 Nc6 13. Ne4 Nxe5 14. Qh5 Rf5 15. Qh3 d5 16. Ned2 Qe8 17. Re1 Bd7 18. Qc3 Rc8 19. Qb4 Rc4 20. Nxc4 dxc4 21. Nd2 Ng4 22. Ne4 Bc6 23. Qxc4 Qg6 24. Bd2 Re5 25. Qd3 Bxe4 26. Rxe4 Rxe4 27. Bxf4 Nxf2 0-1

[Event "December 19 Late 2023"]
[Site "https://www.chess.com"]
[Date "2023.12.19"]
[Round "6"]
[White "Lin, Bryan Enming"]
[Black "Zhigalko, Sergei"]
[Result "0-1"]
[Board "30"]
[TimeControl "180+1"]
[WhiteFideId "30987121"]
[BlackFideId "13502956"]
[WhiteElo "2567"]
[BlackElo "2616"]
[WhiteTeam "USA"]
[BlackTeam "BLR"]
[WhiteClock "0:00:30"]
[BlackClock "0:00:04"]

1. e4 c5 2. Nf3 Nc6 3. d4 cxd4 4. Nxd4 Nf6 5. Nc3 e5 6. Ndb5 d6 7. Bg5 a6 8. Na3 b5 9. Nd5 Be7 10. Bxf6 Bxf6 11. c3 Bg5 12. Nc2 Ne7 13. a4 bxa4 14. Ncb4 O-O 15. Rxa4 a5 16. Nxe7+ Qxe7 17. Nd5 Qb7 18. Ra2 Be6 19. Bc4 Rfc8 20. b3 a4 21. O-O axb3 22. Rxa8 Rxa8 23. Qxb3 Qxb3 24. Bxb3 Rb8 25. Ra1 g6 26. Bc4 Rc8 27. Ra4 Kg7 28. h3 Rc6 29. Kh2 h5 30. g3 h4 31. Kg2 hxg3 32. fxg3 Bd2 33. Ba2 Bxc3 34. Ne7 Rc7 35. Nd5 Rc5 36. Ra7 Bd4 37. Bb3 Rb5 38. Bc4 Rb2+ 39. Kf3 Bxa7 0-1

[Event "December 19 Late 2023"]
[Site "https://www.chess.com"]
[Date "2023.12.19"]
[Round "6"]
[White "Gokerkan, Cem Kaan"]
[Black "Womacka, Mathias"]
[Result "1-0"]
[Board "31"]
[TimeControl "180+1"]
[WhiteFideId "6336760"]
[BlackFideId "4611390"]
[WhiteElo "2365"]
[BlackElo "2376"]
[WhiteTeam "TUR"]
[BlackTeam "GER"]
[WhiteClock "0:00:19"]
[BlackClock "0:00:02"]

1. e4 c5 2. c3 d5 3. exd5 Qxd5 4. d4 Nf6 5. Nf3 e6 6. Na3 Nc6 7. Nb5 Qd8 8. dxc5 Bxc5 9. Qxd8+ Kxd8 10. Bf4 Ke7 11. b4 Bb6 12. Bd6+ Ke8 13. Bd3 Bd7 14. O-O a6 15. Nc7+ Bxc7 16. Bxc7 Nd5 17. Bd6 Nxc3 18. a4 f6 19. b5 Ne7 20. Rfc1 Ncd5 21. bxa6 bxa6 22. Rcb1 Kf7 23. Nd4 e5 24. Nb3 Nc3 25. Rc1 Nxa4 26. Rc7 Rhd8 27. Bc4+ Ke8 28. Rxa4 Bxa4 29. Rxe7+ Kf8 30. Rf7+ Ke8 31. Re7+ Kf8 32. Re6+ Kf7 33. Nc5 Bb5 34. Bd5 Rab8 35. h4 h5 36. Rxe5+ Kg6 37. Be4+ Kh6 38. Re6 Rb6 39. Bf4+ g5 40. Bxg5+ Kg7 41. Bxf6+ Kf7 42. Rxb6 1-0

[Event "December 19 Late 2023"]
[Site "https://www.chess.com"]
[Date "2023.12.19"]
[Round "6"]
[White "Boruchovsky, Avital"]
[Black "Rodgers, Jack"]
[Result "1-0"]
[Board "32"]
[TimeControl "180+1"]
[WhiteFideId "2800055"]
[BlackFideId "3220885"]
[WhiteElo "2450"]
[BlackElo "2107"]
[WhiteTeam "ISR"]
[BlackTeam "AUS"]
[WhiteClock "0:00:22"]
[BlackClock "0:00:00"]

1. Nf3 c5 2. g3 g6 3. Bg2 Bg7 4. h4 Nf6 5. c3 Nc6 6. d4 cxd4 7. cxd4 d5 8. Nc3 Bg4 9. Ne5 O-O 10. h5 Rc8 11. h6 Bh8 12. O-O e6 13. f3 Bf5 14. g4 Nxe5 15. dxe5 Nxg4 16. fxg4 Bxg4 17. Bf4 Qb6+ 18. Kh1 Qxb2 19. Na4 Qxe2 20. Qxe2 Bxe2 21. Rfe1 Bb5 22. Nb2 Rc2 23. a4 Ba6 24. Nd1 Rfc8 25. Ne3 R2c3 26. Ng4 R3c4 27. Rac1 Rxc1 28. Rxc1 Rxc1+ 29. Bxc1 Be2 30. Nf6+ Bxf6 31. exf6 b6 32. Ba3 Bd1 33. a5 bxa5 34. Bd6 a4 35. Kg1 Bc2 36. Kf2 Bb3 37. Ke3 a6 38. Kd4 Bc2 39. Ba3 Bb1 40. Bf1 Bc2 41. Bxa6 g5 42. Be2 Bf5 43. Bd1 g4 44. Bxa4 g3 45. Ke5 1-0

[Event "December 19 Late 2023"]
[Site "https://www.chess.com"]
[Date "2023.12.19"]
[Round "6"]
[White "Tao, Sihan"]
[Black "Khlebovich, Alexander"]
[Result "0-1"]
[Board "33"]
[TimeControl "180+1"]
[WhiteFideId "30982677"]
[BlackFideId "4169123"]
[WhiteElo "1943"]
[BlackElo "2334"]
[WhiteTeam "USA"]
[BlackTeam "RUS"]
[WhiteClock "0:00:53"]
[BlackClock "0:00:38"]

1. e4 c5 2. Nf3 d6 3. Bb5+ Bd7 4. Bxd7+ Nxd7 5. O-O Ngf6 6. Qe2 e6 7. b3 g6 8. Bb2 Bg7 9. c4 O-O 10. Nc3 Ne5 11. Rad1 Nxf3+ 12. Qxf3 Nd7 13. Qe2 Ne5 14. d3 Nc6 15. Nb1 Bxb2 16. Qxb2 Nd4 17. Nd2 f5 18. Rde1 fxe4 19. Nxe4 b6 20. Qd2 d5 21. Ng5 Qf6 22. cxd5 exd5 23. Kh1 Rae8 24. Rxe8 Rxe8 25. Nh3 Qe5 26. Ng1 Kg7 27. g3 Qf5 28. Kg2 h5 29. Re1 Rxe1 30. Qxe1 Kf7 31. Qe3 g5 32. Nf3 Nxf3 33. Qxf3 Ke6 34. Qxf5+ Kxf5 35. f3 Ke5 36. Kf2 Kd4 37. Ke2 b5 38. Kd2 c4 39. dxc4 dxc4 40. bxc4 bxc4 41. a4 c3+ 42. Kc2 Ke3 43. Kxc3 Kxf3 44. Kb4 Kg2 45. Kb5 Kxh2 46. Ka6 Kxg3 47. Kxa7 h4 0-1

[Event "December 19 Late 2023"]
[Site "https://www.chess.com"]
[Date "2023.12.19"]
[Round "6"]
[White "Lymar, Vladislav"]
[Black "Ghasi, Ameet K"]
[Result "1-0"]
[Board "34"]
[TimeControl "180+1"]
[WhiteFideId "14162180"]
[BlackFideId "409200"]
[WhiteElo "2158"]
[BlackElo "2558"]
[WhiteTeam "UKR"]
[BlackTeam "ENG"]
[WhiteClock "0:00:10"]
[BlackClock "0:00:03"]

1. d4 Nf6 2. Bf4 c6 3. e3 g6 4. c3 Bg7 5. h3 O-O 6. Nf3 d6 7. Nbd2 a5 8. a4 Nbd7 9. Be2 b6 10. O-O Bb7 11. Bh2 Re8 12. Qb3 h6 13. Rfd1 Qc7 14. e4 e5 15. dxe5 dxe5 16. Nc4 Nc5 17. Qxb6 Qe7 18. Nd6 Nfxe4 19. Nxe8 Rxe8 20. Bc4 Kh7 21. Qxa5 Ra8 22. Qb4 f5 23. a5 g5 24. a6 Bc8 25. Qb6 Be6 26. Bxe6 Qxe6 27. a7 g4 28. Nd2 gxh3 29. Nxe4 Nxe4 30. Rd8 Qg6 31. g3 Qg4 32. Rxa8 Qf3 33. Kf1 Qh1+ 34. Ke2 Qxa1 35. Rb8 Qb1 36. Qe3 Qc2+ 37. Ke1 f4 38. Qe2 Qb1+ 39. Qd1 Qxd1+ 40. Kxd1 Nxf2+ 41. Ke2 fxg3 42. Bxg3 Ne4 43. Bh2 Nc5 44. a8=Q Ne6 45. Qxc6 Ng5 46. Qd5 Kg6 47. Bxe5 Kh5 48. Bh2 Bf6 49. Rb5 Kg6 50. Qd3+ Kh5 51. Rxg5+ Bxg5 52. Qxh3+ Kg6 53. Bg3 Kf6 54. Qg2 Kg6 55. Bf2 Kh5 56. Qf3+ Kg6 57. Be3 Bf4 58. Bxf4 1-0

[Event "December 19 Late 2023"]
[Site "https://www.chess.com"]
[Date "2023.12.19"]
[Round "6"]
[White "Adla, Diego"]
[Black "D`Arruda, Ricardo D."]
[Result "1-0"]
[Board "35"]
[TimeControl "180+1"]
[WhiteFideId "100072"]
[BlackFideId "100692"]
[WhiteElo "2377"]
[BlackElo "2550"]
[WhiteTeam "ARG"]
[BlackTeam "ARG"]
[WhiteClock "0:00:19"]
[BlackClock "0:00:00"]

1. c4 e5 2. Nc3 Nf6 3. Nf3 Nc6 4. e4 Be7 5. d4 exd4 6. Nxd4 d6 7. Be2 O-O 8. O-O Bd7 9. b3 Nxd4 10. Qxd4 Bc6 11. Bb2 Re8 12. f3 Bf8 13. Rae1 a6 14. Bd3 b5 15. h3 Nd7 16. Nd5 Ne5 17. Be2 bxc4 18. bxc4 Qb8 19. Kh2 Qa7 20. Qd2 Bd7 21. Bd4 c5 22. Bc3 Rab8 23. f4 Nc6 24. Bf3 Nd4 25. Bxd4 cxd4 26. Rd1 Rec8 27. Qxd4 Qxd4 28. Rxd4 Rb2 29. Rc1 Rxa2 30. Nb6 Rd8 31. Nxd7 Rxd7 32. c5 g5 33. e5 d5 34. f5 Rc7 35. c6 Ra5 36. Rxd5 Rxd5 37. Bxd5 Kg7 38. Kg3 h5 39. Kf3 Bb4 40. Ke4 a5 41. Rb1 Rc8 42. Kd4 Rc7 43. Kc4 Rc8 44. g4 hxg4 45. hxg4 Rc7 46. Kb5 Bc3 47. e6 f6 48. Ka6 Kf8 49. Rb7 Be5 50. Kxa5 1-0

[Event "December 19 Late 2023"]
[Site "https://www.chess.com"]
[Date "2023.12.19"]
[Round "6"]
[White "Tanenbaum, Zachary"]
[Black "Makaraci, Tunahan"]
[Result "1-0"]
[Board "36"]
[TimeControl "180+1"]
[WhiteFideId "2060850"]
[BlackFideId "6356559"]
[WhiteElo "2256"]
[BlackElo "2112"]
[WhiteTeam "USA"]
[BlackTeam "TUR"]
[WhiteClock "0:00:42"]
[BlackClock "0:00:00"]

1. e4 Nf6 2. e5 Nd5 3. d4 d6 4. Nf3 g6 5. Bc4 Nb6 6. Bb3 Bg7 7. Ng5 e6 8. Qf3 Qe7 9. Ne4 dxe5 10. Bg5 Qb4+ 11. c3 Qa5 12. Bf6 O-O 13. dxe5 Nc6 14. Bxg7 Kxg7 15. Qf6+ Kg8 16. f4 Nd5 17. Qh4 Qb6 18. Bxd5 h5 19. Nf6+ Kg7 20. Be4 Qe3+ 21. Kf1 Rd8 22. Na3 b6 23. Re1 Ba6+ 24. c4 Qc5 25. Qf2 Bxc4+ 26. Nxc4 Qxc4+ 27. Kg1 Rac8 28. Bxc6 Qxc6 29. h3 Qc4 30. Re4 Qxa2 31. Kh2 Qb3 32. Re3 Qc4 33. Rg3 Kf8 34. b3 Qb4 35. Qe3 Qd4 36. Qc1 Qc5 37. Qxc5+ bxc5 38. Rc3 Rb8 39. Ra1 Rb7 40. Ne4 Rd4 41. Nxc5 Rbb4 42. Nd3 Rb7 43. Ra4 1-0

[Event "December 19 Late 2023"]
[Site "https://www.chess.com"]
[Date "2023.12.19"]
[Round "6"]
[White "Van Roon, Sjoerd"]
[Black "Ang, Ern Jie Anderson"]
[Result "1-0"]
[Board "37"]
[TimeControl "180+1"]
[WhiteFideId "1051075"]
[BlackFideId "5736200"]
[WhiteElo "2180"]
[BlackElo "1941"]
[WhiteTeam "NED"]
[BlackTeam "MAS"]
[WhiteClock "0:00:16"]
[BlackClock "0:00:04"]

1. e4 c5 2. Nf3 Nc6 3. d4 cxd4 4. Nxd4 g6 5. c4 Bg7 6. Be3 Nf6 7. Nc3 O-O 8. Be2 d6 9. Qd2 Ng4 10. Bxg4 Bxg4 11. O-O Rc8 12. b3 Qa5 13. f3 Bd7 14. Rfd1 Rfe8 15. Rac1 Qh5 16. Nxc6 bxc6 17. Bxa7 c5 18. Bb6 Bh6 19. f4 Rb8 20. Nd5 Bc6 21. Ba5 Bxd5 22. exd5 Qf5 23. Rf1 Ra8 24. Bc3 Ra6 25. Qc2 Qd7 26. Rce1 Rea8 27. a4 Rb8 28. Rf3 Rab6 29. Ba1 Qb7 30. Ree3 f6 31. Qe2 Bf8 32. Rd3 Qa6 33. Qe6+ Kh8 34. Rh3 Qa5 35. Rxh7+ Kxh7 36. Qf7+ Kh8 37. Rh3+ Bh6 38. Rxh6# 1-0

[Event "December 19 Late 2023"]
[Site "https://www.chess.com"]
[Date "2023.12.19"]
[Round "6"]
[White "Fernandez Diaz, Cristian"]
[Black "Gubajdullin, Alexei"]
[Result "1-0"]
[Board "38"]
[TimeControl "180+1"]
[WhiteFideId "22256687"]
[BlackFideId "4141202"]
[WhiteElo "2170"]
[BlackElo "2274"]
[WhiteTeam "ESP"]
[BlackTeam "RUS"]
[WhiteClock "0:00:59"]
[BlackClock "0:00:39"]

1. e4 e5 2. Nf3 Nf6 3. d4 Nxe4 4. dxe5 d5 5. Nbd2 Bf5 6. Nd4 Bg6 7. Nxe4 Bxe4 8. f3 Bg6 9. h4 h6 10. h5 Bh7 11. Bd3 Bxd3 12. Qxd3 Bc5 13. Nf5 O-O 14. f4 Kh8 15. Bd2 Re8 16. O-O-O Bf8 17. g4 Nd7 18. Qxd5 Nc5 19. Qxf7 Ne6 20. Be3 Qc8 21. g5 Nxg5 22. fxg5 Rxe5 23. Nxh6 gxh6 24. Bd4 Bd6 25. Qf6+ Kg8 26. Bxe5 1-0

[Event "December 19 Late 2023"]
[Site "https://www.chess.com"]
[Date "2023.12.19"]
[Round "6"]
[White "Liascovich, Lucas"]
[Black "Derakhshani, Borna"]
[Result "1-0"]
[Board "39"]
[TimeControl "180+1"]
[WhiteFideId "108634"]
[BlackFideId "12518450"]
[WhiteElo "2455"]
[BlackElo "2286"]
[WhiteTeam "ARG"]
[BlackTeam "ENG"]
[WhiteClock "0:01:03"]
[BlackClock "0:00:30"]

1. e4 c6 2. d4 d5 3. exd5 cxd5 4. Bd3 Nc6 5. c3 Nf6 6. Ne2 Bg4 7. O-O e6 8. f3 Bh5 9. Bg5 Bd6 10. Qe1 Bg6 11. Bxg6 hxg6 12. Bf4 Nh5 13. Bxd6 Qxd6 14. f4 O-O-O 15. Nd2 g5 16. Qf2 gxf4 17. Nxf4 Nf6 18. Qg3 Rdg8 19. Ne2 Qe7 20. b4 Ne4 21. Nxe4 dxe4 22. b5 Na5 23. d5 exd5 24. Rad1 Rd8 25. Nf4 Qe5 26. Qg4+ Kb8 27. h3 Nc4 28. Qe2 Nb6 29. Qe3 g5 30. Ne2 g4 31. Qf4 Qxf4 32. Nxf4 gxh3 33. gxh3 Rh4 34. Kh2 Rd7 35. Kg3 Rh7 36. h4 f5 37. Kh3 Rd8 38. h5 Nc4 39. Rg1 Ne3 40. Rd2 Ng4 41. Kh4 e3 42. Rxd5 Rxd5 43. Nxd5 Ne5 44. Rg8# 1-0

[Event "December 19 Late 2023"]
[Site "https://www.chess.com"]
[Date "2023.12.19"]
[Round "6"]
[White "Titus, Andrew"]
[Black "Grigoriants, Sergey"]
[Result "0-1"]
[Board "40"]
[TimeControl "180+1"]
[WhiteFideId "2059770"]
[BlackFideId "4130804"]
[WhiteElo "2061"]
[BlackElo "2532"]
[WhiteTeam "USA"]
[BlackTeam "HUN"]
[WhiteClock "0:00:09"]
[BlackClock "0:00:12"]

1. e4 c5 2. Nf3 Nc6 3. d4 cxd4 4. Nxd4 e6 5. Nc3 Nf6 6. g3 Bb4 7. Bg2 d6 8. O-O O-O 9. Be3 Ne5 10. h3 Nc4 11. Bc1 Bxc3 12. bxc3 e5 13. Nf5 h6 14. Qd3 Be6 15. Rd1 Qc7 16. g4 Rac8 17. g5 hxg5 18. Bxg5 Bxf5 19. Bxf6 Bg6 20. Bg5 Qc6 21. Rab1 b6 22. h4 Bh5 23. Re1 f6 24. Bc1 Rfd8 25. Bh3 Rc7 26. Be6+ Bf7 27. Bd5 Bxd5 28. exd5 Qe8 29. Rb4 Rdc8 30. Re4 b5 31. Rg4 a6 32. Qf3 Qf7 33. Kf1 f5 34. Rg5 f4 35. a4 Nb6 36. axb5 Rxc3 37. Qg4 Nxd5 38. Rb1 Rxc2 39. Ba3 Nf6 40. Qf5 axb5 41. Bxd6 Qb7 42. Ba3 Qf3 43. Qe6+ Kh8 44. Rg2 Qxa3 45. Rxg7 Qd3+ 46. Kg2 Kxg7 47. Qe7+ Kh6 48. Qxf6+ Qg6+ 49. Qxg6+ Kxg6 50. Rxb5 Kf5 51. Rb3 Rg8+ 52. Kh3 Rxf2 53. h5 Rg3+ 54. Rxg3 fxg3 55. h6 Rf4 56. Kxg3 Rg4+ 57. Kh3 Rg8 58. h7 Rh8 59. Kg3 Rxh7 60. Kf3 Rh4 61. Ke3 Re4+ 62. Kf2 Rf4+ 63. Kg3 e4 64. Kg2 e3 65. Kg3 e2 66. Kg2 e1=Q 67. Kh3 Qe3+ 0-1

[Event "December 19 Late 2023"]
[Site "https://www.chess.com"]
[Date "2023.12.19"]
[Round "6"]
[White "Rasulov, Vugar"]
[Black "Deng, Henry"]
[Result "1-0"]
[Board "41"]
[TimeControl "180+1"]
[WhiteFideId "13402390"]
[BlackFideId "30965454"]
[WhiteElo "2517"]
[BlackElo "2586"]
[WhiteTeam "AZE"]
[BlackTeam "USA"]
[WhiteClock "0:00:31"]
[BlackClock "0:00:05"]

1. a3 d5 2. Nf3 Nf6 3. e3 c6 4. c4 Nbd7 5. Nc3 e5 6. d4 e4 7. Nd2 Bd6 8. Be2 O-O 9. g4 Nb8 10. g5 Ne8 11. cxd5 cxd5 12. h4 Be6 13. Qb3 Nd7 14. Qxb7 Nc7 15. Qb3 f5 16. f4 exf3 17. Nxf3 f4 18. exf4 Bxf4 19. Bxf4 Rxf4 20. O-O-O Rb8 21. Qc2 Nb6 22. Ne5 Nc4 23. Bxc4 dxc4 24. Nc6 Qe8 25. Nxb8 Qxb8 26. Rdf1 Rxd4 27. Rd1 Rf4 28. Qd2 Rf8 29. Rhf1 Re8 30. Qd6 Qc8 31. h5 Na6 32. h6 Nc5 33. hxg7 Nd3+ 34. Kb1 Qb7 35. Rd2 Qxg7 36. Re2 Qg6 37. Ka1 Kg7 38. Qd4+ Kg8 39. Qf6 Qxf6 40. Rxf6 Bf7 41. Rxe8+ Bxe8 42. Ra6 Bf7 43. Rxa7 Kg7 44. Nd5 Kg6 45. Ne3 Be6 46. Ra6 Nc5 47. Rc6 Nb3+ 48. Kb1 Kf7 49. a4 Ke7 50. Rb6 Kd7 51. Kc2 Nd4+ 52. Kc3 Nc6 53. Nxc4 Kc7 54. Rxc6+ Kxc6 55. b4 Bd5 56. Kd4 Be6 57. b5+ Kb7 58. Kc5 Bg4 59. a5 Kb8 60. a6 Bf3 61. Ne5 Be4 62. Nc6+ Ka8 63. b6 Bxc6 64. Kxc6 Kb8 65. a7+ Ka8 66. Kc7 h5 67. b7+ Kxa7 68. b8=Q+ Ka6 69. Qb6# 1-0